 Dungeon Crawl Stone Soup version 0.22-a0-619-ga0c6fd2 (webtiles) character file.

11596 Gildeon the Cleaver (level 11, 0/129 HPs)
             Began as a Minotaur Fighter on July 14, 2018.
             Was a High Priest of Okawaru.
             Slain by a 20-headed hydra (6 damage)
             ... on level 1 of the Lair of Beasts.
             The game lasted 00:36:13 (8536 turns).

Gildeon the Cleaver (Minotaur Fighter)              Turns: 8536, Time: 00:36:14

Health: 0/129      AC: 25    Str: 25    XL:     11   Next: 51%
Magic:  13/13      EV:  2    Int:  7    God:    Okawaru [*****.]
Gold:   526        SH: 20    Dex: 23    Spells: 10/10 levels left

rFire    . . .     SeeInvis .   a - +3 war axe (vamp)
rCold    . . .     Gourm    .   y - +0 large shield
rNeg     + + +     Faith    .   (armour currently unavailable)
rPois    +         Spirit   .   (helmet currently unavailable)
rElec    .         Reflect  .   (cloak currently unavailable)
rCorr    .         Harm     .   (gloves currently unavailable)
MR       .....     NoTele   +   (boots currently unavailable)
Stlth    +++.......             p - amulet of regeneration
HPRegen  0.71/turn              A - +3 ring of slaying
MPRegen  0.13/turn              F - ring of Boteireh {rPois Dex+6}

@: mighty, agile, tree-form
A: (retaliatory headbutt)
a: Heroism, Finesse, Renounce Religion


You were on level 1 of the Lair of Beasts.
You worshipped Okawaru.
Okawaru was extremely pleased with you.
You were not hungry.
You were a tree.
You visited 3 branches of the dungeon, and saw 12 of its levels.
You also visited: Ossuary.

You collected 526 gold pieces.

Inventory:

Hand Weapons
 a - a +3 vampiric war axe (weapon)
 u - the +9 hand axe of the Sea {venom, *Drain rPois rF+ rC+, unknown}
   (Okawaru gifted it to you on level 10 of the Dungeon)

   It poisons the flesh of those it strikes.
   It protects you from fire.
   It protects you from cold.
   It protects you from poison.
   It causes draining when unequipped.
Armour
 j - a +2 cloak (melded)
 q - a +0 pair of gloves (melded)
 x - a +0 pair of boots (melded)
 y - a +0 large shield (worn)
 z - a +7 plate armour (melded)
Jewellery
 g - an uncursed ring of flight
 p - an amulet of regeneration (around neck)
 t - an uncursed ring of fire
 A - a +3 ring of slaying (left branch)
 F - the ring of Boteireh (right branch) {rPois Dex+6}
   (You found it on level 10 of the Dungeon)

   [ring of dexterity]

   It affects your dexterity (+6).
   It protects you from poison.
 G - an uncursed ring of positive energy {unknown}
Wands
 b - a wand of flame (19)
 o - a wand of iceblast (9)
 w - a wand of digging (26)
Scrolls
 c - 3 scrolls of teleportation
 n - 11 scrolls of remove curse
 E - a scroll of blinking
Potions
 d - a potion of might
 e - 2 potions of magic {unknown}
 h - 2 potions of lignification
 i - 4 potions of heal wounds
 k - a potion of cancellation
 l - a potion of flight
 m - 5 potions of curing
 r - a potion of resistance
 v - a potion of berserk rage {unknown}
 B - 3 potions of agility
 C - a potion of invisibility {unknown}
Comestibles
 f - 11 rations
 s - 14 chunks of flesh


   Skills:
 - Level 5.1 Fighting
 * Level 14.8 Axes
 - Level 5.0 Armour
 - Level 5.5 Dodging
 + Level 11.2 Shields
 - Level 5.0 Invocations
 + Level 3.8 Evocations


You had 10 spell levels left.
You didn't know any spells.
Your spell library was empty.

Dungeon Overview and Level Annotations

Branches:
Dungeon (10/15)            Temple (1/1) D:6            Lair (1/6) D:10
    Orc (0/2) D:9

Altars:
Ashenzari
Cheibriados
Dithmenos
Elyvilon
Fedhas
Gozag
Hepliaklqana
Kikubaaqudgha
Makhleb
Nemelex Xobeh
Okawaru
Qazlal
Ru
Sif Muna
Trog
Uskayaw
Vehumet
Wu Jian
Xom
Yredelemnul
Zin
The Shining One
Beogh

Shops:
D:4 (

Annotations:
D:3 3 runed doors, Ijustatesigmund's ghost, amateur OpFi
D:6 1 runed door, Waterpls's ghost, novice NaFi


Innate Abilities, Weirdness & Mutations

((You reflexively headbutt those who attack you in melee.))
((You have a pair of horns on your head.))


Message History

You block the 20-headed hydra's attack.
The 20-headed hydra bites you but does no damage. x3
The 20-headed hydra barely misses you.
The 20-headed hydra bites you but does no damage.
You feel much better. The 20-headed hydra bites you.
* * * LOW HITPOINT WARNING * * *
You block the 20-headed hydra's attack.
The 20-headed hydra bites you but does no damage.
You block the 20-headed hydra's attack. x2; The 20-headed hydra bites you.
* * * LOW HITPOINT WARNING * * *
The 20-headed hydra bites you but does no damage.
You block the 20-headed hydra's attack. The 20-headed hydra barely misses you.
The 20-headed hydra bites you but does no damage. x4
The 20-headed hydra bites you.
* * * LOW HITPOINT WARNING * * *
The 20-headed hydra completely misses you.
The 20-headed hydra bites you.
* * * LOW HITPOINT WARNING * * *
The 20-headed hydra bites you.
You die...

## ...#.##
#P.# #.##
#..#..# ##.#
...###..#.##
#.##
##.##...#.P#
##.P#
........#.##
#..##
#.#.......#
###...#
##..###...##
##....##
#..## #...##
#..#### ##.#
##.#..# #.♣#
##.#P##...##
#.D##
.#.>......#
##..#
........###
#.##
.########
#.. .# #.#
.# ..# .##
..# ..####
#.##


You could see a 20-headed hydra.

Vanquished Creatures
  Harold (D:10)
  A two-headed ogre (D:8)
  An unseen horror (D:6)
  Pikel (D:7)
  Joseph (D:7)
  2 gargoyles
  A troll (D:10)
  2 hippogriffs
  A vampire (D:10)
  A wyvern (D:8)
  6 yaks
  2 hungry ghosts
  Menkaure (D:6)
  Duvessa (D:7)
  A water moccasin (D:10)
  2 orc warriors
  2 sky beasts
  4 ice beasts
  3 slaves (D:7)
  A phantom (D:5)
  3 ogres
  3 wolves (D:10)
  2 crocodiles (Lair:1)
  3 centaurs
  5 big kobolds
  2 elf zombies (D:8)
  2 wyvern zombies
  3 bullfrogs
  3 elf skeletons (D:8)
  2 water moccasin zombies
  Dowan (D:7)
  2 scorpions
  A wyvern skeleton (D:7)
  6 killer bees (D:8)
  3 howler monkeys (D:10)
  6 electric eels (D:10)
  2 bullfrog zombies
  4 centaur zombies
  A crimson imp (D:6)
  9 hounds
  5 orc priests
  2 jellies (D:5)
  2 human zombies (D:8)
  2 bullfrog skeletons
  A centaur skeleton (D:10)
  Terence (D:2)
  3 human skeletons (D:8)
  3 iguanas
  18 orc wizards
  10 worker ants
  A killer bee zombie (Ossuary)
  2 hound zombies (Ossuary)
  A hound skeleton (D:5)
  9 mummies (Ossuary)
  3 howler monkey zombies
  A worker ant zombie (Ossuary)
  13 gnolls
  9 adders
  2 shadow imps (D:5)
  2 worms
  2 adder skeletons
  5 adder zombies
  2 dart slugs
  4 leopard geckos
  20 orcs
  3 giant cockroaches
  5 goblins
  2 hobgoblins
  7 jackals
  A quokka (D:3)
  3 ball pythons (D:1)
  6 bats
  5 frilled lizards
  A giant cockroach zombie (D:4)
  3 jackal skeletons
  3 jackal zombies
  34 kobolds
  2 leopard gecko skeletons
  3 leopard gecko zombies (Ossuary)
  An orc skeleton (D:8)
  3 quokka zombies
  11 rats
  A plant (Lair:1)
315 creatures vanquished.

Vanquished Creatures (others)
  A slave (D:7)
  An orc wizard (D:8)
  2 orcs (D:10)
  A withered plant (Ossuary)
5 creatures vanquished.

Grand Total: 320 creatures vanquished

Notes
Turn   | Place    | Note
-------+----------+-------------------------------------------
     0 | D:1      | Gildeon the Minotaur Fighter began the quest for the Orb.
     0 | D:1      | Reached XP level 1. HP: 19/19 MP: 0/0
    59 | D:1      | Reached XP level 2. HP: 25/27 MP: 1/1
   138 | D:1      | Reached skill level 3 in Axes
   499 | D:2      | Noticed Terence
   512 | D:2      | Killed Terence
   512 | D:2      | Reached skill level 1 in Dodging
   512 | D:2      | Reached XP level 3. HP: 19/33 MP: 2/2
   671 | D:2      | Reached XP level 4. HP: 40/40 MP: 3/3
   833 | D:2      | Found a radiant altar of Vehumet.
  1025 | D:2      | Reached skill level 4 in Axes
  1473 | D:3      | Found a snail-covered altar of Cheibriados.
  1473 | D:3      | Found an ancient bone altar of Kikubaaqudgha.
  1475 | D:3      | Found an opulent altar of Gozag.
  1475 | D:3      | Found a sacrificial altar of Ru.
  1481 | D:3      | Found a glowing golden altar of the Shining One.
  1564 | D:3      | Found a faded altar of an unknown god.
  1924 | D:3      | Noticed Ijustatesigmund's ghost (amateur OpFi)
  1925 | D:3      | Found a runed gate.
  1925 | D:3      | Found a runed gate.
  1926 | D:3      | Found a runed gate.
  1942 | D:3      | Found a roughly hewn altar of Beogh.
  2230 | D:4      | Found Canujo's Antique Weapon Boutique.
  2289 | D:4      | Reached XP level 5. HP: 42/47 MP: 4/4
  2852 | D:4      | Reached skill level 5 in Axes
  2852 | D:4      | Reached XP level 6. HP: 41/53 MP: 5/5
  2988 | D:5      | Entered Level 5 of the Dungeon
  3064 | D:5      | Reached skill level 5 in Armour
  3235 | D:5      | Reached skill level 5 in Fighting
  3235 | D:5      | Reached skill level 5 in Shields
  3235 | D:5      | Reached XP level 7. HP: 61/61 MP: 6/6
  3252 | D:5      | Reached skill level 6 in Axes
  3704 | D:6      | Found a staircase to the Ecumenical Temple.
  3710 | Temple   | Entered the Ecumenical Temple
  3717 | Temple   | Became a worshipper of Warmaster Okawaru
  3786 | D:6      | Found a blossoming altar of Fedhas.
  3791 | D:6      | Found a sparkling altar of Nemelex Xobeh.
  3913 | D:6      | Found a shimmering altar of Xom.
  3954 | D:6      | Found a runed door.
  3960 | D:6      | Noticed Waterpls's ghost (novice NaFi)
  3998 | D:6      | Reached skill level 7 in Axes
  4086 | D:6      | Reached XP level 8. HP: 68/68 MP: 7/7
  4230 | D:6      | Reached * piety under Okawaru
  4230 | D:6      | Reached skill level 8 in Axes
  4313 | D:6      | Noticed Menkaure
  4321 | D:6      | Killed Menkaure
  4530 | D:6      | Killed an unseen horror
  4530 | D:6      | Reached ** piety under Okawaru
  4530 | D:6      | Reached skill level 9 in Axes
  4530 | D:6      | Reached skill level 5 in Dodging
  4742 | D:7      | Noticed Pikel
  4762 | D:7      | Killed Pikel
  4762 | D:7      | Reached skill level 10 in Axes
  4762 | D:7      | Reached XP level 9. HP: 59/74 MP: 8/8
  4974 | D:7      | Reached skill level 1 in Invocations
  5034 | D:7      | Noticed Joseph
  5048 | D:7      | Killed Joseph
  5048 | D:7      | Reached *** piety under Okawaru
  5048 | D:7      | Reached skill level 11 in Axes
  5214 | D:7      | Received a gift from Okawaru
  5236 | D:7      | Noticed Duvessa
  5236 | D:7      | Noticed Dowan
  5239 | D:7      | Killed Dowan
  5245 | D:7      | Killed Duvessa
  5386 | D:8      | Reached XP level 10. HP: 70/81 MP: 11/11
  5414 | D:8      | Reached skill level 12 in Axes
  5654 | D:8      | Reached **** piety under Okawaru
  5760 | D:8      | Noticed a two-headed ogre
  5771 | D:8      | Killed a two-headed ogre
  5860 | D:8      | Found a sand-covered staircase.
  5874 | Ossuary  | Entered an ossuary
  6036 | Ossuary  | Reached skill level 13 in Axes
  6098 | Ossuary  | Reached skill level 10 in Shields
  6147 | Ossuary  | Reached ***** piety under Okawaru
  6335 | D:8      | Reached skill level 5 in Invocations
  6694 | D:8      | Found an iron altar of Okawaru.
  6939 | D:9      | Found a white marble altar of Elyvilon.
  7024 | D:9      | Found a staircase to the Orcish Mines.
  7254 | D:10     | Entered Level 10 of the Dungeon
  7254 | D:10     | Noticed a gargoyle
  7267 | D:9      | Killed a gargoyle
  7267 | D:9      | Reached skill level 1 in Evocations
  7335 | D:10     | Received a gift from Okawaru
  7460 | D:10     | Reached XP level 11. HP: 86/86 MP: 13/13
  7483 | D:10     | Got a sapphire hand axe {god gift}
  7496 | D:10     | Found a white marble altar of Elyvilon.
  7549 | D:10     | Noticed Harold
  7569 | D:10     | Killed Harold
  7569 | D:10     | Reached skill level 14 in Axes
  7933 | D:10     | Got a twitching iron ring
  7935 | D:10     | Identified the ring of Boteireh {rPois Dex+6} (You found it on level 10 of the Dungeon)
  8154 | D:10     | Found a staircase to the Lair.
  8352 | Lair:1   | Entered Level 1 of the Lair of Beasts
  8513 | Lair:1   | Noticed an eight-headed hydra
  8533 | Lair:1   | HP: 2/129 [19-headed hydra (10)]
  8536 | Lair:1   | Slain by a 20-headed hydra

Vault maps used:
D:1:      dpeg_arrival_fog
D:2:      fiery_altar_vehumet, first_ration, uniq_terence
D:3:      grunt_temple_overflow_open, chequers_ecumenical_altar_twisty,
          biasface_ghost_orc_armoury, minmay_misc_feat_room
D:4:      serial_shops, shop, serial_undead, serial_undead_e, serial_undead_e,
          serial_undead_c, serial_undead_e
D:6:      minmay_flawed_box, nemelex_xobeh_ov_fountains_minmay,
          lemuel_coloured_pillars_altar, minmay_temple_entry_enclosed_plants,
          ebering_ghost_sewer_d, fedhas_altar_2, uniq_menkaure
D:7:      kennysheep_spiral_hall, hex_tiny, uniq_pikel, uniq_duvessa,
          uniq_joseph
D:8:      lemuel_upstairs_altar, nicolae_ossuary_entry_catacombs
D:9:      lemuel_crystal_altar, orc_0_dummy
D:10:     erik_lair_island, basic_altar, uniq_harold
Temple:   cyrus_circular_temple
Ossuary:  ossuary_zaba_flooded

Skill      XL: |  1  2  3  4  5  6  7  8  9 10 11 |
---------------+----------------------------------+-----
Axes           | 3 4 5 7 10 11 13 14 | 14.8
Armour         | 4 5 |  5.0
Dodging        | 1 2 4 5 |  5.5
Shields        | 4 5 6 8 9 10 11 | 11.2
Fighting       | 4 5 |  5.1
Invocations    | 3 5 |  5.0
Evocations     | 1 3 |  3.8

Action                   |  1- 3 |  4- 6 |  7- 9 | 10-12 || total
-------------------------+-------+-------+-------+-------++-------
Melee: War axe           |    68 |   140 |   248 |   481 ||   937
       Headbutt          |    15 |    22 |    63 |   111 ||   211
Evoke: Wand              |       |    13 |    12 |    11 ||    36
  Use: Scroll            |     4 |    10 |     4 |    11 ||    29
       Potion            |       |       |     2 |     5 ||     7
  Eat: Chunk             |       |     7 |     4 |     5 ||    16
       Ration            |       |       |     1 |     3 ||     4
Armor: Scale mail        |    26 |    56 |    76 |       ||   158
       Chain mail        |       |       |    11 |    41 ||    52
       Plate armour      |       |       |       |   127 ||   127
       Skin              |       |       |       |   104 ||   104
Dodge: Dodged            |    24 |    59 |    85 |    92 ||   260
Block: Shield            |    46 |    70 |   126 |    25 ||   267
       Large shield      |       |       |       |   378 ||   378

Table legend:
 A = Spawn XP
 B = Non-spawn XP
 C = Spawn XP percentage of total XP
 D = Spawn monster count
 E = Non-spawn monster count
 F = Spawn count percentage of total count
 G = Total turns spent on level
                    A         B        C        D         E        F      G
               +---------+---------+-------+---------+---------+-------+---------
         Total |       0 |   16567 |   0.0 |       0 |     311 |   0.0 |  8536
               +---------+---------+-------+---------+---------+-------+---------
           D:1 |       0 |      39 |   0.0 |       0 |      25 |   0.0 |   489
           D:2 |       0 |      97 |   0.0 |       0 |      18 |   0.0 |   913
           D:3 |       0 |      33 |   0.0 |       0 |      11 |   0.0 |   808
           D:4 |       0 |     249 |   0.0 |       0 |      18 |   0.0 |   778
           D:5 |       0 |     473 |   0.0 |       0 |      22 |   0.0 |   678
           D:6 |       0 |    1818 |   0.0 |       0 |      31 |   0.0 |  1015
           D:7 |       0 |    2346 |   0.0 |       0 |      25 |   0.0 |   554
           D:8 |       0 |    3421 |   0.0 |       0 |      55 |   0.0 |   995
           D:9 |       0 |     799 |   0.0 |       0 |       7 |   0.0 |   741
          D:10 |       0 |    5963 |   0.0 |       0 |      64 |   0.0 |   984
        Lair:1 |       0 |     671 |   0.0 |       0 |       5 |   0.0 |   184
       Ossuary |       0 |     658 |   0.0 |       0 |      30 |   0.0 |   336
               +---------+---------+-------+---------+---------+-------+---------
